 Dungeon Crawl Stone Soup version 0.30-a0-626-gd6a5dd7a1f (console) character file.

Game seed: 16803936038629705942

1374 capslocke the Covert (level 8, -14/52 HPs)
             Began as an Octopode Brigand on Jan 12, 2023.
             Was an Initiate of Hepliaklqana.
             Killed from afar by a steam dragon (18 damage)
             ... with a ball of steam
             ... on level 6 of the Dungeon.
             The game lasted 00:21:15 (4520 turns).

capslocke the Covert (Octopode Brigand)             Turns: 4520, Time: 00:21:16

Health: -14/52     AC:  1    Str: 16    XL:     8   Next: 66%
Magic:  8/8        EV: 14    Int: 20    God:    Hepliaklqana [......]
Gold:   292        SH:  0    Dex: 15    Spells: 6/7 levels left

rFire   . . .      SeeInvis .    g - +2 dagger (venom)
rCold   + . .      Faith    .    (no shield)
rNeg    . . .      Spirit   .    (helmet restricted)
rPois   .          Reflect  .    v - amulet of magic regeneration
rElec   .          Harm     .    l - ring of protection from cold
rCorr   .          Rampage  .    o - +6 ring of strength
Will    .....                    e - +6 ring of intelligence
Stlth   ++++++                   (no ring)
HPRegen 0.28/turn                (no ring)
MPRegen 0.51/turn                (no ring)
                                 (no ring)
                                 (no ring)

@: no status effects
A: almost no armour, amphibious, 8 rings, camouflage 1, gelatinous body 1,
(nimble swimmer 1), tentacles
a: Renounce Religion


You were on level 6 of the Dungeon.
You worshipped Hepliaklqana.
Hepliaklqana was noncommittal.
You visited 2 branches of the dungeon, and saw 7 of its levels.
You also visited: Sewer.

You collected 292 gold pieces.

Inventory:

Hand Weapons
 a - a +2 dagger
 g - a +2 dagger of venom (weapon)
Missiles
 b - 16 poisoned darts (quivered)
 c - 3 curare-tipped darts
Jewellery
 e - a +6 ring of intelligence (on tentacle)
 l - a ring of protection from cold (left tentacle)
 o - a +6 ring of strength (right tentacle)
 v - an amulet of magic regeneration (around mantle)
Wands
 x - a wand of charming (3)
Scrolls
 i - a scroll of noise {unknown}
 j - a scroll of magic mapping {unknown}
 k - 2 scrolls of teleportation {unknown}
 q - a scroll of enchant weapon {unknown}
 s - 2 scrolls of blinking {unknown}
Potions
 d - 4 potions of curing
 f - 2 potions of attraction
 h - 4 potions of might
 m - a potion of mutation
 n - a potion of resistance
 p - 2 potions of cancellation
 r - a potion of ambrosia
 t - 2 potions of flight
 u - a potion of heal wounds
 z - 2 potions of degeneration


   Skills:
 + Level 3.3 Fighting
 + Level 4.8 Short Blades
 - Level 3.7 Throwing
 + Level 2.8 Dodging
 + Level 11.4 Stealth
 + Level 3.0 Evocations


You had 6 spell levels left.
You knew the following spells:

 Your Spells              Type           Power      Damage    Failure   Level
a - Sting                 Tmut/Pois      0%         1d3       19%         1

Your spell library contained the following spells:

 Spells                   Type           Power      Damage    Failure   Level
 Poisonous Vapours        Pois/Air       0%         N/A       28%         2
 Sublimation of Blood     Necr           0%         N/A       28%         2
 Wereblood                Tmut           0%         N/A       28%         2
 Olgreb's Toxic Radiance  Pois           0%         N/A       88%         4
 Summon Hydra             Summ           0%         N/A       100%        7


Dungeon Overview and Level Annotations

Branches:
Dungeon (6/15)             Temple (1/1) D:6           Sewer (visited)

Altars:
Dithmenos
Elyvilon
Hepliaklqana
Kikubaaqudgha
Okawaru
Qazlal
Sif Muna
Trog
Vehumet
Wu Jian
Xom
Yredelemnul
The Shining One

Annotations:
D:6 Maggie


Innate Abilities, Weirdness & Mutations

You cannot wear most types of armour.
You are amphibious.
You can wear up to eight rings at the same time.
Your skin changes colour to match your surroundings (Stealth+).
Your rubbery body absorbs attacks. (AC +1, EV +1)
((You are camouflaged when in or above water. (Stealth+)))
You have tentacles for arms and can constrict up to eight enemies at once.


Message History

You kill the ogre!
Your Evocations skill increases to level 3!
Things that are here:
a +0 giant spiked club; an ogre corpse
b - 15 poisoned darts (gained 1)
b - 16 poisoned darts (gained 1)
c - a curare-tipped dart
c - 3 curare-tipped darts (gained 2)
Found a pair of boots.
You now have 292 gold pieces (gained 2).
Found a pair of boots.
You see here 7 gold pieces.
An orc is nearby!
A scorpion comes into view.
The scorpion moves out of view.
Found an escape hatch in the ceiling.
The steam dragon hisses angrily.
Maggie shouts!
The steam dragon breathes steam at you. The ball of steam hits you!
The orc shouts!
You see here a +0 pair of boots.
Maggie is engulfed in a cloud of scalding steam.
The steam dragon breathes steam at you. The ball of steam misses you.
You hear a shout!
Maggie hits you from afar with a +0 halberd of flaming!
Maggie burns you. The steam dragon breathes steam at you.
The ball of steam hits you!!
Ouch! That really hurt!
* * * LOW HITPOINT WARNING * * *
You feel much better.
You are engulfed in a cloud of scalding steam.
Maggie hits you from afar with a +0 halberd of flaming!
* * * LOW HITPOINT WARNING * * *
Maggie burns you.
* * * LOW HITPOINT WARNING * * *
The steam dragon breathes steam at you. The ball of steam hits you!!
You die...

#....# #g# #.##.#
#..[.###)# #..g.#
#..o..##.###..###
#.s....#).g..##
#.$..#.##.####
###@....... #D####>...
#ยง# ###.## #####@# .#
########.....##### .#
....................#
############........####
...........#........+
##########.#.#......##
#.#..........
##########.#.#.########
.............#.#


You could see Maggie, a steam dragon (catching breath), a scorpion and an orc.

Vanquished Creatures
  Pikel (D:5)
  An orc warrior (D:4)
  An ogre (D:6)
  A centaur (D:5)
  2 kobold brigands (Sewer)
  A bullfrog (D:4)
  2 orc priests
  A hound (D:5)
  Terence (D:2)
  4 iguanas
  An orc wizard (D:4)
  5 gnolls
  6 adders
  A river rat (Sewer)
  A shadow imp (D:5)
  3 ufetubi
  9 orcs
  4 endoplasms
  6 giant cockroaches
  7 goblins
  6 hobgoblins
  A jackal (D:2)
  16 kobolds
  5 quokkas
  3 ball pythons
  5 bats (D:1)
  3 frilled lizards
  10 rats
107 creatures vanquished.

Notes
Turn   | Place    | Note
-------+----------+-------------------------------------------
     0 | D:1      | capslocke the Octopode Brigand began the quest for the Orb.
     0 | D:1      | Reached XP level 1. HP: 14/14 MP: 1/1
   154 | D:1      | Reached XP level 2. HP: 19/19 MP: 2/2
   416 | D:1      | Reached skill level 6 in Stealth
   648 | D:2      | Found a faded altar of an unknown god.
   723 | D:2      | Reached XP level 3. HP: 24/24 MP: 3/3
   845 | D:2      | Noticed Terence
   855 | D:2      | Killed Terence
   856 | D:2      | Reached XP level 4. HP: 3/30 MP: 4/4
  1109 | D:2      | Reached skill level 7 in Stealth
  1437 | D:3      | You fall into a shaft and drop 1 floor!
  1448 | D:4      | Identified the +1 robe of the Big Bang {rCorr Int+7 Slay-6}
  1641 | D:4      | Found a glowing drain.
  1656 | Sewer    | Entered a sewer
  1663 | Sewer    | Reached XP level 5. HP: 29/35 MP: 5/5
  1744 | Sewer    | Noticed a kobold brigand
  1773 | Sewer    | Noticed a kobold brigand
  1774 | Sewer    | Killed a kobold brigand
  1775 | Sewer    | Reached skill level 8 in Stealth
  1777 | Sewer    | Killed a kobold brigand
  1778 | Sewer    | Reached XP level 6. HP: 41/41 MP: 6/6
  1813 | Sewer    | Found a white marble altar of Elyvilon.
  2036 | D:4      | Found a white marble altar of Elyvilon.
  2088 | D:4      | Found a bloodstained altar of Trog.
  2293 | D:4      | Noticed an orc warrior
  2304 | D:4      | Reached skill level 9 in Stealth
  2304 | D:4      | Reached skill level 1 in Evocations
  2316 | D:4      | Killed an orc warrior
  2317 | D:4      | Reached XP level 7. HP: 32/45 MP: 7/7
  2636 | D:5      | Entered Level 5 of the Dungeon
  2875 | D:5      | Noticed Pikel
  2884 | D:5      | Killed Pikel
  2885 | D:5      | Reached skill level 11 in Stealth
  2885 | D:5      | Reached XP level 8. HP: 6/52 MP: 8/8
  3110 | D:5      | Found a radiant altar of Vehumet.
  3575 | D:6      | Learned a level 1 spell: Sting
  3686 | D:6      | Found a staircase to the Ecumenical Temple.
  3690 | D:6      | Noticed Maggie
  3693 | Temple   | Entered the Ecumenical Temple
  3919 | Temple   | Became a worshipper of Hepliaklqana the Forgotten
  4517 | D:6      | HP: 1/52 [steam dragon/ball of steam (26)]
  4520 | D:6      | Killed from afar by a steam dragon

Illustrated notes

Levels and vault maps discovered:
D:1:      lemuel_arrival_cross, layout_basic
D:2:      layout_loops_ring, basic_ecumenical_altar, minmay_puff, uniq_terence
D:3:      layout_rooms, uniq_robin, uniq_pargi
D:4:      layout_loops_ring, lemuel_round_altar, trog_butcher_becter,
          portal_sewer_entry_a, guppyfry_early_orc_mine
D:5:      layout_basic, mainiacjoe_overflow_surrounded_room, uniq_pikel
D:6:      layout_basic, lemuel_crystal_altar, minmay_temple_entry_junction,
          uniq_maggie
Temple:   jpeg_temple_alley_garden

Skill      XL: |  1  2  3  4  5  6  7  8 |
---------------+-------------------------+-----
Stealth        | 6 7 8 9 11 | 11.4
Short Blades   | 3 4 |  4.8
Throwing       | 3 |  3.7
Evocations     | 1 2 3 |  3.0
Dodging        | 2 |  2.8
Fighting       | 3 |  3.3

Action                   |  1- 3 |  4- 6 |  7- 9 || total
-------------------------+-------+-------+-------++-------
Melee: Dagger            |    39 |    61 |    46 ||   146
       Tentacles         |    10 |    15 |    11 ||    36
       Constrict         |    10 |    13 |    14 ||    37
Throw: Dart              |     7 |    17 |     6 ||    30
 Cast: Sting             |       |       |     2 ||     2
Evoke: Wand              |     2 |    12 |     7 ||    21
  Use: Scroll            |     2 |     1 |     6 ||     9
       Potion            |       |     2 |     2 ||     4
 Stab: Sleeping          |    11 |    18 |     8 ||    37
Armor: Skin              |     5 |     3 |     2 ||    10
Dodge: Dodged            |    13 |    35 |    30 ||    78

Table legend: (Time is in decaauts)
 A = Elapsed time spent in this place.
 B = Non-inter-level travel time spent in this place.
 C = Inter-level travel time spent in this place.
 D = Time resting spent in this place.
 E = Time spent auto-exploring this place.
 F = Levels seen in this place.
 G = Mean time per level.
                   A        B        C        D        E       F      G
               +--------+--------+--------+--------+--------+-----+--------+
         Total |   4477 |   4269 |    208 |    777 |   2438 |   8 |  559.6 |
       Dungeon |   4002 |   3869 |    133 |    756 |   2192 |   6 |  667.0 |
        Temple |    255 |    180 |     75 |      0 |    175 |   1 |  255.0 |
         Sewer |    218 |    218 |      0 |     21 |     71 |   1 |  218.0 |
               +--------+--------+--------+--------+--------+-----+--------+

Top non-repeatable levels by time:
     D:4: 1119 daAuts
     D:5: 1107 daAuts
     D:2: 815 daAuts
     D:1: 596 daAuts
     D:6: 348 daAuts
  Temple: 255 daAuts
   Sewer: 218 daAuts
     D:3: 14 daAuts
